 Dungeon Crawl Stone Soup version 0.29-a0-721-g7f417c9bbb (webtiles) character file.

Game seed: 7721949668123375777

82530 dolemite99 the Grappler (level 15, -5/137 HPs)
             Began as a Ghoul Gladiator on June 27, 2022.
             Was a Priest of Okawaru.
             Slain by a tentacled starspawn (22 damage)
             ... on level 3 of the Abyss.
             The game lasted 00:40:09 (27396 turns).

dolemite99 the Grappler (Ghoul Gladiator)          Turns: 27396, Time: 00:40:09

Health: -5/137     AC: 29    Str: 20    XL:     15   Next: 74%
Magic:  26/26      EV: 19    Int:  5    God:    Okawaru [***...]
Gold:   1733       SH:  0    Dex: 14    Spells: 14/14 levels left

rFire   + . .      SeeInvis .     - Unarmed
rCold   + . .      Faith    .   (no shield)
rNeg    + + +      Spirit   .   p - +1 shadow dragon scales
rPois   ∞          Reflect  .   b - +1 helmet
rElec   .          Harm     .   H - scarf {repulsion}
rCorr   .          Rampage  .   D - +2 pair of gloves
Will    +....                   r - +2 pair of boots {Fly}
Stlth   ++++......              V - amulet of regeneration
HPRegen 0.00/turn               u - +4 ring of evasion {=R}
MPRegen 0.20/turn               T - ring of Okomealy {rF+ rN+ MP+9 Str-2 Int+2}

@: heroic, flying, inhibited regen, repel missiles
A: claws 1, cold resistance 1, negative energy resistance 3, inhibited
regeneration, torment resistance 2, devour on kill
a: Renounce Religion, Heroism


You were on level 3 of the Abyss.
You worshipped Okawaru.
Okawaru was most pleased with you.
You visited 3 branches of the dungeon, and saw 23 of its levels.
You visited the Abyss 1 time.
You also visited: Sewer.

You collected 3755 gold pieces.
You spent 2022 gold pieces at shops.

Inventory:

Hand Weapons
 a - a +1 longbow of freezing
 k - a +0 arbalest
Missiles
 c - 4 throwing nets (quivered)
 t - 2 curare-tipped darts
 v - 11 boomerangs
 I - 8 datura-tipped darts
 N - 16 poisoned darts
Armour
 b - a +1 helmet (worn)
 g - a +0 tower shield
 i - a +2 plate armour of cold resistance
 p - +1 shadow dragon scales (worn)
 r - a +2 pair of boots of flying (worn)
 D - a +2 pair of gloves (worn)
 H - a scarf of repulsion (worn)
Jewellery
 u - a +4 ring of evasion (left hand) {=R}
 y - an amulet of faith
 z - a ring of protection from cold
 C - a +6 ring of strength
 G - a ring of protection from fire
 T - the ring of Okomealy (right hand) {rF+ rN+ MP+9 Str-2 Int+2}
   (You acquired it on level 2 of the Lair of Beasts)

   [ring of magical power]

   Str:       It affects your strength (-2).
   Int:       It affects your intelligence (+2).
   rF:        It protects you from fire.
   rN:        It protects you from negative energy.
   MP:        It affects your magic capacity (+9).
 V - an amulet of regeneration (around neck)
 X - a +6 ring of dexterity
Wands
 B - a wand of polymorph (6)
 E - a wand of mindburst (17)
 K - a wand of digging (3)
 L - a wand of flame (48)
 O - a wand of iceblast (5)
Scrolls
 d - a scroll of torment
 j - 5 scrolls of teleportation
 l - a scroll of magic mapping
 m - 7 scrolls of fog
 w - 2 scrolls of vulnerability
 x - a scroll of silence
 J - 4 scrolls of immolation
 M - 2 scrolls of poison
 Q - a scroll of blinking
 S - 2 scrolls of fear
Potions
 f - 2 potions of cancellation {unknown}
 h - 9 potions of flight
 o - 6 potions of curing
 q - 3 potions of attraction
 s - 5 potions of haste
 F - 2 potions of magic
 P - a potion of resistance
 R - a potion of invisibility
 W - a potion of brilliance


   Skills:
 - Level 13.7(18.7) Fighting
 - Level 10.8(15.8) Ranged Weapons
 - Level 1.7(6.7) Throwing
 - Level 9.7(14.7) Armour
 - Level 13.5(18.5) Dodging
 - Level 14.2(19.2) Unarmed Combat
 - Level 5.0 Invocations
 + Level 9.1 Evocations


You had 14 spell levels left.
You didn't know any spells.
Your spell library contained the following spells:

 Spells                   Type           Power      Damage    Failure   Level
 Apportation              Tloc           0%         N/A       96%         1
 Magic Dart               Conj           0%         1d3       96%         1
 Necrotize                Necr           0%         1d4       96%         1
 Scorch                   Fire           0%         2d5       99%         2
 Static Discharge         Conj/Air       0%         N/A       99%         2
 Mephitic Cloud           Conj/Pois/Air  0%         N/A       100%        3
 Ozocubu's Armour         Ice            0%         N/A       100%        3
 Vampiric Draining        Necr           0%         2d6       100%        3
 Dispel Undead            Necr           0%         3d6       100%        4
 Flame Wave               Conj/Fire      0%         2d4       100%        4
 Sticky Flame             Conj/Fire      0%         2d3       100%        4
 Agony                    Necr           0%         N/A       100%        5
 Alistair's Intoxication  Tmut/Pois      0%         N/A       100%        5
 Orb of Destruction       Conj           0%         9d5       100%        7
 Ozocubu's Refrigeration  Ice            0%         4d5       100%        7
 Maxwell's Capacitive Co  Air            0%         ∞         100%        8
 Chain Lightning          Conj/Air       0%         N/A       100%        9
 Fire Storm               Conj/Fire      0%         5d1       100%        9
 Shatter                  Erth           0%         3d5*      100%        9
 Call Imp                 Summ           Unusable   N/A       N/A         2
 Summon Guardian Golem    Hex/Summ       Unusable   N/A       N/A         3
 Summon Lightning Spire   Summ/Air       Unusable   N/A       N/A         4
 Summon Cactus Giant      Summ           Unusable   N/A       N/A         6
 Spellforged Servitor     Conj/Summ      Unusable   N/A       N/A         7
 Storm Form               Tmut/Air       Unusable   N/A       N/A         7

Dungeon Overview and Level Annotations

Branches:
Dungeon (15/15)            Temple (0/1) D:6            Lair (6/6) D:11
  Swamp (0/4) Lair:3       Spider (0/4) Lair:3        Slime (0/5) Lair:6
    Orc (2/2) D:10            Elf (0/3) Orc:2        Vaults (0/5) D:13
 Depths (0/4) D:15          Sewer (visited)

Altars:
Ashenzari
Dithmenos
Fedhas
Gozag
Hepliaklqana
Kikubaaqudgha
Makhleb
Okawaru
Ru
Yredelemnul
Beogh

Shops:
D:2 =   Orc:2 *((?

Portals:
Hell: Lair:6


Innate Abilities, Weirdness & Mutations

You are immune to poison.
You have sharp fingernails.
Your flesh is cold resistant. (rC+)
You are immune to negative energy. (rN+++)
You do not regenerate when monsters are visible.
You are immune to unholy pain and torment.
You thrive by killing the living.


Message History

You are too injured to fight recklessly!
You are too injured to fight recklessly!
You are too injured to fight recklessly!
You are too injured to fight recklessly!
You are too injured to fight recklessly!
You are too injured to fight recklessly!
You are too injured to fight recklessly!
You are too injured to fight recklessly!
You are too injured to fight recklessly!
You are too injured to fight recklessly!
You are too injured to fight recklessly!
You are too injured to fight recklessly!
You are too injured to fight recklessly!
You are too injured to fight recklessly!
You are too injured to fight recklessly!
You are too injured to fight recklessly!
You are too injured to fight recklessly!
You are too injured to fight recklessly!
You are too injured to fight recklessly!
You are too injured to fight recklessly!
You are too injured to fight recklessly!
You are too injured to fight recklessly!
You are too injured to fight recklessly!
The starspawn tentacle's grasp on you weakens, but your attempt to escape fails.
The starspawn tentacle constricts you. The tentacled starspawn bites you!!
The tentacled starspawn tentacle-slaps you but does no damage.
You escape the starspawn tentacle's grasp.
The tentacled starspawn attacks as you move away!
The tentacled starspawn bites you!!
* * * LOW HITPOINT WARNING * * *
The tentacled starspawn misses you.
The large abomination hits you but does no damage.
You pound the large abomination into fine dust!!!
The large abomination is severely damaged.
The large abomination hits you!!
* * * LOW HITPOINT WARNING * * *
Okay, then.
The tentacled starspawn attacks as you move away!
The tentacled starspawn bites you!!
You die...

.. #.
#..##
....##
##
#G#Xw#.
#..#..#
#.X#X#
#@#.#
####.#.#
# ##
..###. #
# # ##.#
#
..####.#
..# .. .
#
####..#
. # . .#
. ##


You could see a tentacled starspawn, a great orb of eyes and a large
abomination.

Vanquished Creatures
  Rupert (D:13)
  Agnes (D:14)
  Louise (D:14)
  Josephine (Lair:5)
  A vault guard (D:13)
  7 hydras
  A boulder beetle (D:12)
  3 centaur warriors
  8 two-headed ogres
  2 anacondas (Lair:2)
  A thrashing horror (Abyss:3)
  A fire crab (Lair:2)
  A sixfirhy (Lair:6)
  5 skeletal warriors (D:14)
  2 starcursed masses (Abyss:3)
  A lindwurm (Lair:6)
  A deep elf pyromancer (D:14)
  3 orc knights
  A wizard (Lair:6)
  3 orc sorcerers (Orc:2)
  3 cyclopes
  7 manticores
  2 ugly things (D:13)
  3 torpor snails (Lair:2)
  12 elephants
  4 black mambas
  A black mamba (shapeshifter) (D:14)
  5 gargoyles
  14 cane toads
  Maggie (D:8)
  10 komodo dragons
  2 kobold demonologists
  An unseen horror (D:10)
  A freezing wraith (D:14)
  11 rime drakes
  2 yaktaurs (shapeshifter) (D:13)
  A hellwing (Lair:6)
  5 ice devils (Lair:6)
  An efreet (D:14)
  4 trolls
  An ancient zyme (Abyss:3)
  3 meliai (D:14)
  A queen bee (shapeshifter) (D:13)
  3 dream sheep (Lair:1)
  Grinder (D:6)
  4 hornets
  4 polar bears
  The ghost of zhov the Bolt Thrower, an amateur FoHu (D:5)
  8 slime creatures
  12 blink frogs
  A jumping spider (Lair:3)
  A shadow (D:12)
  8 wyverns
  10 wraiths
  7 basilisks
  29 yaks
  4 steam dragons
  A neqoxec (Abyss:3)
  4 vampire mosquitoes (D:14)
  Menkaure (D:3)
  A redback (Lair:3)
  2 wargs (Orc:1)
  An acid dragon (D:13)
  16 water moccasins
  4 hell hounds (Lair:6)
  39 orc warriors
  6 black bears
  2 sky beasts (D:7)
  A small abomination (Abyss:3)
  3 boggarts
  4 ogres
  12 centaurs
  9 wolves (Lair:2)
  3 kobold brigands (D:9)
  3 necrophages
  12 bullfrogs
  2 gnoll sergeants
  5 scorpions
  9 wights
  10 killer bees
  2 vampire bats (Orc:1)
  3 electric eels (Lair:2)
  4 jellies
  Crazy Yiuf (D:5)
  2 gnoll shamans
  8 orc priests
  5 hounds
  3 iguanas
  A merfolk siren (Sewer)
  14 orc wizards
  A hell rat (Lair:2)
  A merfolk avatar (Sewer)
  14 gnolls
  7 adders
  2 river rats (Sewer)
  3 white imps
  3 dart slugs
  64 orcs
  13 endoplasms
  9 giant cockroaches
  8 goblins
  6 hobgoblins
  9 quokkas
  14 ball pythons
  15 bats
  2 frilled lizards (Sewer)
  14 kobolds
  23 rats
634 creatures vanquished.

Vanquished Creatures (others)
  A bunyip simulacrum (Abyss:3)
  2 boggarts (D:14)
  50 fungi
  A lurking horror (Abyss:3)
  44 plants
  2 starspawn tentacles (Abyss:3)
100 creatures vanquished.

Grand Total: 734 creatures vanquished

Notes
Turn   | Place    | Note
-------+----------+-------------------------------------------
     0 | D:1      | dolemite99 the Ghoul Gladiator began the quest for the Orb.
     0 | D:1      | Reached XP level 1. HP: 17/17 MP: 0/0
   290 | D:1      | Reached XP level 2. HP: 20/24 MP: 1/1
   293 | D:1      | Reached skill level 4 in Unarmed Combat
   588 | D:1      | Found a faded altar of an unknown god.
   592 | D:1      | Prayed at the altar of an unknown god.
   592 | D:1      | Became a worshipper of Warmaster Okawaru
   592 | D:1      | Reached * piety under Okawaru
   698 | D:1      | Reached XP level 3. HP: 29/29 MP: 2/2
  1162 | D:2      | Reached skill level 5 in Unarmed Combat
  1465 | D:2      | Found Zixiposk's Jewellery Shoppe.
  2128 | D:3      | Reached XP level 4. HP: 36/36 MP: 3/3
  2267 | D:3      | Reached skill level 6 in Unarmed Combat
  2273 | D:3      | Reached XP level 5. HP: 15/41 MP: 1/4
  3041 | D:4      | Noticed Menkaure
  3052 | D:3      | Killed Menkaure
  3053 | D:3      | Reached skill level 7 in Unarmed Combat
  3053 | D:3      | Reached XP level 6. HP: 45/48 MP: 2/5
  3246 | D:4      | Reached skill level 8 in Unarmed Combat
  3334 | D:4      | Found a glowing drain.
  3344 | Sewer    | Entered a sewer
  3585 | Sewer    | Reached XP level 7. HP: 55/55 MP: 6/6
  3761 | D:4      | Found a broken altar of Ashenzari.
  3762 | D:4      | Found a burning altar of Makhleb.
  3763 | D:4      | Found an opulent altar of Gozag.
  3763 | D:4      | Found a sacrificial altar of Ru.
  3766 | D:4      | Found a basalt altar of Yredelemnul.
  3766 | D:4      | Found a shadowy altar of Dithmenos.
  3768 | D:4      | Found a hazy altar of Hepliaklqana.
  3929 | D:4      | Reached skill level 9 in Unarmed Combat
  3965 | D:4      | Found the +1 Delatra's gloves {ID++}
  4371 | D:5      | Entered Level 5 of the Dungeon
  4673 | D:5      | Reached skill level 10 in Unarmed Combat
  4849 | D:5      | Found a runed translucent gate.
  4851 | D:5      | Found a runed translucent gate.
  4852 | D:5      | Found a runed translucent gate.
  4866 | D:5      | Noticed zhov's ghost (amateur FoHu)
  4874 | D:5      | Killed zhov's ghost
  4875 | D:5      | Reached XP level 8. HP: 61/61 MP: 4/9
  4974 | D:5      | Found a runed translucent door.
  4975 | D:5      | Noticed Crazy Yiuf
  4980 | D:5      | Killed Crazy Yiuf
  5083 | D:5      | Reached ** piety under Okawaru
  5415 | D:5      | Reached skill level 5 in Fighting
  5795 | D:5      | Reached XP level 9. HP: 58/75 MP: 8/11
  5942 | D:6      | Noticed Grinder
  5947 | D:6      | Paralysed by Grinder for 2 turns
  5955 | D:6      | Killed Grinder
  6051 | D:6      | Found a blossoming altar of Fedhas.
  6084 | D:6      | Found a staircase to the Ecumenical Temple.
  6368 | D:7      | Reached skill level 1 in Armour
  6661 | D:7      | Reached skill level 1 in Ranged Weapons
  7190 | D:7      | Reached *** piety under Okawaru
  7572 | D:7      | Identified a scroll of acquirement
  7572 | D:7      | Acquired +1 shadow dragon scales
  7631 | D:8      | Noticed Maggie
  7645 | D:8      | Killed Maggie
  7646 | D:8      | Reached skill level 5 in Ranged Weapons
  7710 | D:8      | Reached XP level 10. HP: 51/88 MP: 9/12
  8106 | D:8      | Reached skill level 5 in Dodging
  8216 | D:8      | Reached **** piety under Okawaru
  9330 | D:9      | Noticed a kobold demonologist
  9341 | D:9      | Noticed a smoke demon
  9343 | D:9      | Noticed an orange demon
  9448 | D:9      | Noticed a two-headed ogre
  9465 | D:9      | Killed a two-headed ogre
  9466 | D:9      | Reached skill level 5 in Armour
  9648 | D:9      | Reached ***** piety under Okawaru
  9654 | D:9      | Reached XP level 11. HP: 70/93 MP: 13/13
  9707 | D:9      | Received a gift from Okawaru
 10325 | D:10     | Entered Level 10 of the Dungeon
 10598 | D:10     | Noticed a two-headed ogre
 10606 | D:10     | Killed a two-headed ogre
 10825 | D:10     | Found a staircase to the Orcish Mines.
 11477 | D:11     | Noticed a manticore
 11483 | D:11     | Killed a manticore
 11501 | D:11     | Noticed a two-headed ogre
 11507 | D:11     | Killed a two-headed ogre
 11611 | D:11     | Noticed a manticore
 11623 | D:11     | Killed a manticore
 11728 | D:11     | Noticed a cyclops
 11738 | D:11     | Killed a cyclops
 11833 | D:11     | Identified the +1 pair of gloves of the Changing Gods {rC+
                  | Dex+7} (Okawaru gifted it to you on level 11 of the
                  | Dungeon)
 11833 | D:11     | Received a gift from Okawaru
 11883 | D:11     | Reached XP level 12. HP: 99/101 MP: 14/14
 11995 | D:11     | Found a staircase to the Lair.
 12098 | D:11     | Reached skill level 10 in Ranged Weapons
 12196 | D:11     | Noticed a two-headed ogre
 12207 | D:11     | Killed a two-headed ogre
 12312 | D:11     | Noticed a two-headed ogre
 12318 | D:11     | Killed a two-headed ogre
 12450 | Lair:1   | Entered Level 1 of the Lair of Beasts
 12534 | Lair:1   | Found an iron altar of Okawaru.
 13345 | Lair:2   | Acquired the ring of Okomealy {rF+ rN+ MP+9 Str-2 Int+2}
 13422 | Lair:2   | Reached skill level 10 in Fighting
 13434 | Lair:2   | Noticed a seven-headed hydra
 13442 | Lair:2   | Killed a seven-headed hydra
 13600 | Lair:2   | Noticed an anaconda
 13604 | Lair:2   | Noticed an anaconda
 14068 | Lair:2   | Noticed a seven-headed hydra
 14074 | Lair:2   | Killed a seven-headed hydra
 14230 | Lair:2   | Noticed a five-headed hydra
 14243 | Lair:2   | Reached XP level 13. HP: 100/119 MP: 13/15
 14811 | Lair:2   | Received a gift from Okawaru
 16122 | Lair:3   | Found a staircase to the Swamp.
 16239 | Lair:3   | Found a hole to the Spider Nest.
 17439 | Lair:4   | Identified the amulet "Yczet" {RegenMP rC+ Dex-4 SInv}
 17989 | Lair:5   | Reached skill level 10 in Dodging
 18335 | Lair:5   | Received a gift from Okawaru
 18525 | Lair:5   | Reached XP level 14. HP: 121/130 MP: 13/16
 18642 | Lair:5   | Noticed Josephine
 18653 | Lair:5   | Killed Josephine
 19017 | Lair:6   | Entered Level 6 of the Lair of Beasts
 19227 | Lair:6   | Found a runed translucent door.
 19265 | Lair:6   | Found a staircase to the Slime Pits.
 19914 | Lair:6   | Reached skill level 11 in Unarmed Combat
 20133 | Lair:6   | Found a burning altar of Makhleb.
 20154 | Lair:6   | Reached skill level 12 in Unarmed Combat
 20169 | Lair:6   | Identified the +9 great sword "Nyquf" {freeze, rN+ Int+5
                  | Dex-5} (Okawaru gifted it to you on level 6 of the Lair of
                  | Beasts)
 20169 | Lair:6   | Received a gift from Okawaru
 20404 | Lair:6   | Found a gateway to Hell.
 21123 | D:12     | Reached skill level 13 in Unarmed Combat
 21353 | D:12     | You are sucked into a shaft and drop 3 floors!
 21353 | D:15     | Entered Level 15 of the Dungeon
 21904 | D:12     | Found an ancient bone altar of Kikubaaqudgha.
 22044 | D:13     | Reached skill level 14 in Unarmed Combat
 22057 | D:13     | Identified the +1 hat of Jiriwk {*Slow Dex+6} (Okawaru
                  | gifted it to you on level 13 of the Dungeon)
 22057 | D:13     | Received a gift from Okawaru
 22087 | D:13     | Found a gate to the Vaults.
 22465 | D:13     | Noticed Rupert
 22472 | D:13     | Paralysed by Rupert for 3 turns
 22861 | D:13     | Reached skill level 5 in Invocations
 23007 | D:13     | Reached skill level 1 in Evocations
 23015 | D:13     | Reached XP level 15. HP: 137/137 MP: 15/17
 23587 | Orc:1    | Entered Level 1 of the Orcish Mines
 24310 | Orc:2    | Entered Level 2 of the Orcish Mines
 24461 | Orc:2    | Found a staircase to the Elven Halls.
 24736 | Orc:2    | Paralysed by an orc sorcerer for 3 turns
 24937 | Orc:2    | Reached skill level 5 in Evocations
 25369 | Orc:2    | Paralysed by an orc sorcerer for 3 turns
 26064 | Orc:2    | Found Kukkuq's Antique Weapon Shop.
 26064 | Orc:2    | Found Zasoocsa's Antique Weapon Shoppe.
 26064 | Orc:2    | Found Liteu's Magic Scroll Emporium.
 26066 | Orc:2    | Found Tisurph's Assorted Antiques.
 26077 | Orc:2    | Bought a scroll of torment for 127 gold pieces
 26077 | Orc:2    | Bought a scroll of enchant armour for 127 gold pieces
 26077 | Orc:2    | Bought a scroll of silence for 127 gold pieces
 26077 | Orc:2    | Bought a scroll of teleportation for 51 gold pieces
 26095 | Orc:2    | Bought a scroll of acquirement for 1404 gold pieces
 26097 | Orc:2    | Acquired 1243 gold pieces
 26103 | Orc:2    | Bought a blackened jade amulet for 135 gold pieces
 26107 | Orc:2    | Bought an inky potion for 24 gold pieces
 26107 | Orc:2    | Bought a wand of flame (9) for 27 gold pieces
 26601 | D:13     | Paralysed by Rupert for 4 turns
 26612 | D:13     | Killed Rupert
 26882 | D:14     | Noticed Agnes
 26893 | D:14     | Killed Agnes
 26900 | D:14     | Noticed Louise
 26945 | D:14     | Killed Louise
 27104 | D:14     | HP: 4/137 [efreet/bolt of fire (20)]
 27115 | Abyss:3  | Cast into level 3 of the Abyss (a wizard)
 27167 | Abyss:3  | Noticed a bone dragon
 27378 | Abyss:3  | Noticed a tentacled starspawn
 27396 | Abyss:3  | Slain by a tentacled starspawn

Illustrated notes

Levels and vault maps discovered:
D:1:      tarquinn_simple_flora_water_f, layout_basic,
          shapermc_ecumenical_altar_hornbeckon
D:2:      layout_basic, serial_shops, nicolae_shop_waterfront,
          dreamdust_princess_bridge
D:3:      layout_basic
D:4:      layout_loops_ring, grunt_temple_overflow_open, portal_sewer_entry_f,
          uniq_menkaure
D:5:      layout_basic, ebering_ghost_rock_garden, minmay_hedge_maze,
          uniq_crazy_yiuf_cottage
D:6:      layout_rooms, mainiacjoe_overflow_tiny_flanked, temple_fountains,
          uniq_grinder
D:7:      layout_cave_pools, bh_walls_and_bars
D:8:      layout_basic, uniq_maggie
D:9:      layout_irregular_city
D:10:     layout_loops_ring, david_orc_3
D:11:     layout_irregular_city, grunt_lair_entry_orc_guard_hut
D:12:     layout_rooms, kiku_gazebo_pond_becter
D:13:     layout_stronghold, david_vaults_5, uniq_rupert
D:14:     layout_roguey, nemelex_diamond_rough_becter, uniq_agnes, uniq_louise
D:15:     hangedman_depths_entry_civil_slaughter, layout_long_grid,
          minmay_misc_feat_tower
Lair:1:   layout_roguey, basic_altar, dreamdust_gnoll_shepherd
Lair:2:   nzn_winding_woodlands_cross [nzn_winding_woodlands_5x15_parted,
          nzn_winding_woodlands_5x15_eye, nzn_winding_woodlands_5x15_concentric,
          nzn_winding_woodlands_5x15_jagged,
          nzn_winding_woodlands_15x15_killbox], layout_loops_ring,
          nicolae_lair_lakeside_cave
Lair:3:   layout_big_grid, swamp_mist, spider_nest_entry_a
Lair:4:   layout_regular_city
Lair:5:   layout_regular_city, grunt_megastairs_5, lemuel_fruit_tree,
          uniq_josephine
Lair:6:   evil_forest, layout_cave_pods, slime_entry_2, grunt_megastairs_4
Orc:1:    layout_diamond_mine, basic_altar, roderic_batcave
Orc:2:    st_orc_rangers, layout_caves, gauntlet_entry_generic,
          statue_in_the_mist_lemuel
Abyss:3:  base: D:11, evilmike_abyss_exit_1, evilmike_abyss_exit_1, minivault_4,
          evilmike_abyss_exit_10

Skill      XL: |  1  2  3  4  5  6  7  8  9 10 11 12 13 14 15 |
---------------+----------------------------------------------+-----
Unarmed Combat | 4 5 6 7 8 10 14 | 14.2
Invocations    | 3 4 5 |  5.0
Fighting       | 6 7 12 13 | 13.7
Armour         | 1 6 7 9 |  9.7
Ranged Weapons | 6 9 10 | 10.8
Dodging        | 8 9 12 13 | 13.5
Evocations     | 1 9 |  9.1
Throwing       | |  1.7

Action                   |  1- 3 |  4- 6 |  7- 9 | 10-12 | 13-15 || total
-------------------------+-------+-------+-------+-------+-------++-------
Melee: Unarmed           |   105 |   134 |   199 |   267 |   630 ||  1335
       Punch             |     1 |     1 |     9 |    20 |    94 ||   125
       Arbalest          |       |       |       |     3 |       ||     3
 Fire: Sling             |       |       |     6 |       |       ||     6
       Shortbow          |       |       |    39 |   150 |       ||   189
       Arbalest          |       |       |       |   184 |     2 ||   186
       Longbow           |       |       |       |       |   673 ||   673
Invok: Heroism           |     1 |     6 |    27 |    70 |   107 ||   211
       Finesse           |       |       |       |       |     4 ||     4
Evoke: Wand              |       |       |       |     4 |    28 ||    32
  Use: Scroll            |       |     8 |    10 |     7 |    21 ||    46
       Potion            |       |       |       |     2 |    12 ||    14
 Stab: Invisible         |       |       |       |       |     8 ||     8
Armor: Leather armour    |    11 |       |       |       |       ||    11
       Chain mail        |    62 |    77 |     3 |       |       ||   142
       Plate armour      |       |       |   120 |       |       ||   120
       Shadow dragon sca |       |       |    10 |   221 |   367 ||   598
Dodge: Dodged            |    64 |    64 |   161 |   477 |   945 ||  1711
       Repelled          |       |       |       |       |    12 ||    12

Table legend: (Time is in decaauts)
 A = Elapsed time spent in this place.
 B = Non-inter-level travel time spent in this place.
 C = Inter-level travel time spent in this place.
 D = Time resting spent in this place.
 E = Time spent auto-exploring this place.
 F = Levels seen in this place.
 G = Mean time per level.
                   A        B        C        D        E       F      G
               +--------+--------+--------+--------+--------+-----+--------+
         Total |  27359 |  26298 |   1061 |   6362 |  13587 |  25 | 1094.4 |
       Dungeon |  15418 |  14681 |    737 |   3922 |   7496 |  15 | 1027.9 |
          Lair |   8544 |   8306 |    238 |   1661 |   4796 |   6 | 1424.0 |
  Orcish Mines |   2793 |   2708 |     85 |    660 |   1172 |   2 | 1396.5 |
         Abyss |    270 |    270 |      0 |    118 |      1 |   1 |  270.0 |
         Sewer |    332 |    332 |      0 |      0 |    121 |   1 |  332.0 |
               +--------+--------+--------+--------+--------+-----+--------+

Top non-repeatable levels by time:
  Lair:2: 2439 daAuts
    D:13: 1975 daAuts
   Orc:2: 1968 daAuts
  Lair:6: 1858 daAuts
     D:5: 1525 daAuts
     D:9: 1496 daAuts
     D:7: 1258 daAuts
     D:8: 1229 daAuts
     D:3: 1217 daAuts
    D:11: 1217 daAuts
  Lair:5: 1188 daAuts
  Lair:3: 1169 daAuts
  Lair:4: 1141 daAuts
     D:2: 1090 daAuts
    D:10: 1075 daAuts
